 Dungeon Crawl Stone Soup version 0.30-a0-953-g5f1da4a474 (webtiles) character file.

Game seed: 7833096860957827532

733 Feara the Chucker (level 7, -1/76 HPs)
             Began as a Demonspawn Gladiator on Sept 10, 2022.
             Was an Initiate of Hepliaklqana.
             Slain by a gnoll
             ... wielding a +0 halberd
              (11 damage)
             ... on level 5 of the Dungeon on Mar 29, 2023.
             The game lasted 01:00:32 (4142 turns).

Feara the Chucker (Demonspawn Gladiator)            Turns: 4142, Time: 01:00:33

Health: -1/76      AC: 23    Str: 16    XL:     7   Next: 45%
Magic:  7/7        EV:  2    Int:  9    God:    Hepliaklqana [......]
Gold:   154        SH:  0    Dex: 15    Spells: 6/6 levels left

rFire   . . .      SeeInvis .    f - +3 flail (protect)
rCold   . . .      Faith    +    (no shield)
rNeg    . . .      Spirit   .    b - melded +0 leather armour
rPois   +          Reflect  .    (helmet currently unavailable)
rElec   .          Rampage  .    (cloak currently unavailable)
rCorr   .          NoTele   +    (gloves currently unavailable)
Will    +....                    (boots currently unavailable)
Stlth   ++                       C - amulet of faith
HPRegen 0.32/turn                q - ring of willpower
MPRegen 0.10/turn                (no ring)

@: tree-form
A: stationary, stasis, torment immunity, boosted hp, (antennae 1), demonic
guardian 2, powered by death 1
a: Renounce Religion


You were on level 5 of the Dungeon.
You worshipped Hepliaklqana.
Hepliaklqana was noncommittal.
You were a tree.
You visited 1 branch of the dungeon, and saw 5 of its levels.

You collected 244 gold pieces.
You spent 90 gold pieces at shops.

Inventory:

Hand Weapons
 a - a +0 long sword
 f - a +3 flail of protection (weapon)
Missiles
 e - a javelin
 i - 5 datura-tipped darts
 j - a silver javelin (quivered)
 l - 2 throwing nets
 m - 2 curare-tipped darts
 u - 23 stones
Armour
 b - a +0 leather armour (melded)
 c - a +0 helmet
Jewellery
 q - a ring of willpower (left branch)
 C - an amulet of faith (around neck)
Wands
 y - a wand of acid (9)
Scrolls
 d - a scroll of noise
 k - a scroll of fog
 o - a scroll of torment
 t - a scroll of magic mapping
Potions
 n - 2 potions of mutation
 p - 4 potions of curing
 r - a potion of ambrosia
 s - a potion of brilliance {unknown}
 v - a potion of berserk rage {unknown}
 x - a potion of haste {unknown}
 A - a potion of invisibility {unknown}


   Skills:
 + Level 2.8 Fighting
 + Level 3.0 Long Blades
 + Level 3.2 Maces & Flails
 + Level 4.2 Throwing
 + Level 3.1 Armour
 + Level 4.0 Dodging
 + Level 1.2 Stealth


You had 6 spell levels left.
You didn't know any spells.
Your spell library contained the following spells:

 Spells                   Type           Power      Damage    Failure   Level
 Freeze                   Ice            0%         1d3       38%         1
 Ensorcelled Hibernation  Hex/Ice        0%         N/A       52%         2
 Lesser Beckoning         Tloc           0%         N/A       52%         2
 Sublimation of Blood     Necr           0%         N/A       52%         2
 Frozen Ramparts          Ice            0%         1d1       77%         3
 Gell's Gravitas          Tloc           0%         N/A       77%         3
 Hailstorm                Conj/Ice       0%         3d3       77%         3
 Spider Form              Tmut/Pois      0%         N/A       77%         3
 Stone Arrow              Conj/Erth      0%         3d7       77%         3
 Teleport Other           Tloc           0%         N/A       77%         3
 Anguish                  Hex/Necr       0%         N/A       99%         4
 Animate Armour           Summ/Erth      0%         N/A       99%         4
 Petrify                  Tmut/Erth      0%         N/A       99%         4
 Irradiate                Conj/Tmut      0%         3d11      100%        5
 Lehudib's Crystal Spear  Conj/Erth      0%         10d2      100%        8


Dungeon Overview and Level Annotations

Branches:
Dungeon (5/15)
 Temple: D:4-7

Altars:
Hepliaklqana


Innate Abilities, Weirdness & Mutations

You are a tree.
Your roots penetrate the ground, keeping you stationary.
You cannot be teleported.
You are immune to unholy pain and torment.
Your maximum health is greatly increased.
Your equipment is partially melded.
((You have a pair of small antennae on your head.))
A demonic guardian rushes to your aid.
You regenerate a little health from kills.


Message History

Your Dodging skill increases to level 4!
Your surroundings suddenly seem different.
Throw: 3 javelins (silver)
Press: ? - help, Q - select action, (/) - cycle Shift-Dir - straight line, f - dart slug
Aim: a dart slug (93% to hit)
You throw a silver javelin.
The silver javelin barely misses the dart slug.
Really read the scroll of poison?
The air fills with toxic fumes!
As you read the scroll of poison, it crumbles to dust.
The gnoll hits you from afar with a +0 halberd!
* * * LOW HITPOINT WARNING * * *
A demonic guardian appears!
The dart slug launches a dart at you. The slug dart hits you.
* * * LOW HITPOINT WARNING * * *
You turn into a tree.
Your +0 leather armour melds into your body.
Your roots penetrate the ground.
The gnoll hits you but does no damage.
Your rust devil hits the dart slug!
The dart slug dies!
Throw: 2 javelins (silver)
Press: ? - help, Q - select action, (/) - cycle Shift-Dir - straight line, f - gnoll
Aim: a gnoll, wielding a +0 halberd (65% to hit)
You throw a silver javelin.
The silver javelin closely misses the gnoll.
The gnoll barely misses you.
Throw: javelin (silver)
Press: ? - help, Q - select action, (/) - cycle Shift-Dir - straight line, p - gnoll You can't see that place.
You can't see that place.
Okay, then.
The gnoll hits you but does no damage.
Your rust devil hits the gnoll!
Your rust devil corrodes the gnoll!
The gnoll hits you but does no damage.
Your rust devil hits the gnoll.
The gnoll seems to be corroded for longer.
The gnoll hits you but does no damage.
Your rust devil closely misses the gnoll.
The gnoll hits you from afar with a +0 halberd!
You die...

§§§## §§§○ §§§# §§§# ☼§§#
##§☼☼## #§§§§§+ #♣☼☼§#
#§4☼☼## ######g§○☼§§§
#....#○☼§§§§§ #....#
#....##§#####+#....#
#.....)☼☼..........#
#......§§§.........#
#......§☼§○........#
########..................#


You could see a gnoll (corroded, ally target) and a friendly rust devil
(summoned).

Vanquished Creatures
  A water moccasin (D:5)
  An ogre (D:4)
  A phantom (D:5)
  An orc priest (D:4)
  An iguana (D:5)
  Jessica (D:2)
  5 gnolls
  7 adders
  13 orcs
  3 ball pythons
  6 endoplasms
  A giant cockroach (D:2)
  2 goblins (D:4)
  3 hobgoblins
  7 jackals
  A quokka (D:3)
  A frilled lizard (D:1)
  5 kobolds
  4 rats
  A bush (D:3)
65 creatures vanquished.

Vanquished Creatures (collateral kills)
  Duvessa (D:4)
  Dowan (D:4)
  A jelly (D:5)
  An orc wizard (D:4)
  A worm (D:2)
  A dart slug (D:5)
  An orc (D:5)
  2 bats
  2 endoplasms
  A hobgoblin (D:1)
  A jackal (D:1)
13 creatures vanquished.

Vanquished Creatures (others)
  An adder (D:4)
  A fungus (D:3)
  8 plants
10 creatures vanquished.

Grand Total: 88 creatures vanquished

Notes
Turn   | Place    | Note
-------+----------+-------------------------------------------
     0 | D:1      | Feara the Demonspawn Gladiator began the quest for the Orb.
     0 | D:1      | Reached XP level 1. HP: 16/16 MP: 1/1
    15 | D:1      | Upgraded the game from 0.30-a0-55-g90e3122c3a to
                  | 0.30-a0-58-gc0703345a7
    22 | D:1      | Gained mutation: A weak demonic guardian rushes to your
                  | aid. [demonic ancestry]
    22 | D:1      | Reached XP level 2. HP: 8/22 MP: 2/2
   254 | D:1      | Gained mutation: You have a pair of small antennae on your
                  | head. [demonic ancestry]
   254 | D:1      | Reached XP level 3. HP: 5/27 MP: 3/3
   702 | D:1      | Upgraded the game from 0.30-a0-58-gc0703345a7 to
                  | 0.30-a0-159-g068b764562
   783 | D:1      | Upgraded the game from 0.30-a0-159-g068b764562 to
                  | 0.30-a0-347-gf58ed5266c
  1086 | D:2      | Upgraded the game from 0.30-a0-347-gf58ed5266c to
                  | 0.30-a0-359-gd0147acb1a
  1260 | D:2      | Noticed Jessica
  1261 | D:2      | Killed Jessica
  1262 | D:2      | Reached skill level 1 in Maces & Flails
  1262 | D:2      | Reached skill level 1 in Armour
  1262 | D:2      | Reached XP level 4. HP: 33/33 MP: 4/4
  2173 | D:3      | Found a faded altar of an unknown god.
  2401 | D:3      | Found Zin's Purification Station.
  2420 | D:3      | Bought a potion of curing for 90 gold pieces
  2926 | D:3      | Upgraded the game from 0.30-a0-359-gd0147acb1a to
                  | 0.30-a0-953-g5f1da4a474
  2964 | D:4      | Found a hazy altar of Hepliaklqana.
  2987 | D:4      | Gained mutation: You regenerate a little health from kills.
                  | [demonic ancestry]
  2987 | D:4      | Reached XP level 5. HP: 38/38 MP: 5/5
  3182 | D:4      | Noticed Duvessa
  3182 | D:4      | Noticed Dowan
  3206 | D:4      | Killed Duvessa
  3207 | D:4      | Gained mutation: A demonic guardian rushes to your aid.
                  | [demonic ancestry]
  3207 | D:4      | Reached XP level 6. HP: 29/46 MP: 6/6
  3208 | D:4      | Killed Dowan
  3475 | D:4      | Became a worshipper of Hepliaklqana the Forgotten
  3785 | D:5      | Entered Level 5 of the Dungeon
  3915 | D:5      | Reached XP level 7. HP: 51/51 MP: 7/7
  3998 | D:5      | Reached skill level 1 in Stealth
  4142 | D:5      | Slain by a gnoll

Illustrated notes

Levels and vault maps discovered:
D:1:      dpeg_arrival_tiny_a, layout_loops_ring
D:2:      layout_loops_ring, st_stairs_14, minmay_door_square, uniq_jessica
D:3:      layout_basic, zin_purify, shapermc_ecumenical_altar_acropolis,
          serial_forest, infiniplex_forest_zigzag_2, infiniplex_forest_zigzag_2,
          infiniplex_forest_clump_diagonal, infiniplex_forest_clump_long,
          infiniplex_forest_lined_3, infiniplex_forest_clump_diagonal
D:4:      layout_cave_pools, mainiacjoe_overflow_cross_hatched, serial_bayou,
          serial_bayou_pond_e, serial_bayou_lagoon_a, serial_bayou_shore_a,
          serial_bayou_ford_a, uniq_duvessa
D:5:      layout_gridville, minmay_temple_entry_sparse_star

Skill      XL: |  1  2  3  4  5  6  7 |
---------------+----------------------+-----
Dodging        | 3 4 |  4.0
Long Blades    | 3 |  3.0
Throwing       | 2 3 4 |  4.2
Maces & Flails | 1 2 3 |  3.2
Armour         | 1 2 3 |  3.1
Stealth        | 1 |  1.2
Fighting       | |  2.8

Action                     |  1- 3 |  4- 6 |  7- 9 || total
---------------------------+-------+-------+-------++-------
  Melee: Long sword        |     5 |       |       ||     5
         Flail             |    67 |   124 |    28 ||   219
         Punch             |       |     1 |       ||     1
  Throw: Javelin           |     6 |    55 |     9 ||    70
         Throwing net      |     4 |       |       ||     4
         Dart              |     1 |     4 |     3 ||     8
    Use: Scroll            |     3 |    12 |     4 ||    19
         Potion            |       |     3 |     1 ||     4
 Armour: Leather armour    |    30 |    30 |    12 ||    72
         Skin              |       |       |     4 ||     4
  Dodge: Dodged            |    79 |    46 |    29 ||   154

Table legend: (Time is in decaauts)
 A = Elapsed time spent in this place.
 B = Non-inter-level travel time spent in this place.
 C = Inter-level travel time spent in this place.
 D = Time resting spent in this place.
 E = Time spent auto-exploring this place.
 F = Levels seen in this place.
 G = Mean time per level.
                   A        B        C        D        E       F      G
               +--------+--------+--------+--------+--------+-----+--------+
         Total |   4273 |   1431 |   2842 |      0 |      0 |   5 |  854.6 |
       Dungeon |   4273 |   1431 |   2842 |      0 |      0 |   5 |  854.6 |
               +--------+--------+--------+--------+--------+-----+--------+

Top non-repeatable levels by time:
     D:3: 1129 daAuts
     D:1: 1089 daAuts
     D:4: 886 daAuts
     D:2: 799 daAuts
     D:5: 369 daAuts
